 Dungeon Sprint DCSS version 0.27.1-33-g824d729ab1 (webtiles) character file.

Game seed: 8162097008062006049

635 manyhoops the Basher (level 7, -8/70 HPs)
             Began as a Gargoyle Berserker on Nov 26, 2021.
             Was a Priest of Trog.
             Mangled by a sun demon (14 damage)
             ... summoned by a kobold demonologist
             ... in the Dungeon (Sprint I: "Red Sonja").
             The game lasted 00:01:29 (361 turns).

manyhoops the Basher (Gargoyle Berserker)            Turns: 361, Time: 00:01:29

Health: -8/70      AC: 14    Str: 23      XL:     7   Next: 50%
Magic:  7/7        EV:  8    Int:  7      God:    Trog [***...]
Gold:   197        SH:  0    Dex:  7 (9)  Spells: 6/6 levels left

rFire    . . .     SeeInvis .   j - +7 dire flail (holy)
rCold    . . .     Faith    .   (shield currently unavailable)
rNeg     + . .     Spirit   .   i - +0 chain mail
rPois    ∞         Reflect  .   (no helmet)
rElec    +         Harm     .   (no cloak)
rCorr    .         Rampage  .   (no gloves)
Will     .....     NoTele   +   (no boots)
Stlth    ..........             (no amulet)
HPRegen  0.21/turn              (no ring)
MPRegen  0.10/turn              (no ring)

@: berserking, very quick
A: sickness immunity, AC +4, negative energy resistance 1, electricity
resistance, torment resistance 1, petrification resistance
a: Renounce Religion, Berserk, Trog's Hand


You were in the Dungeon.
You worshipped Trog.
Trog was most pleased with you.
You visited 1 branch You collected 351 gold pieces.
You spent 154 gold pieces at shops.

Inventory:

Hand Weapons
 j - a +7 dire flail of holy wrath (weapon)
Armour
 i - a +0 chain mail (worn)
Scrolls
 h - a scroll of blinking
Potions
 c - a potion of curing
 d - a potion of heal wounds
 e - a potion of haste
 f - 2 potions of magic
 g - a potion of berserk rage


   Skills:
 + Level 6.4 Fighting
 - Level 14.1 Maces & Flails
 + Level 4.5 Armour
 - Level 1.5 Dodging


You had 6 spell levels left.
You didn't know any spells.
Your spell library was empty.

Dungeon Overview and Level Annotations

Branches:
Dungeon (1/1)

Altars:
Cheibriados
Dithmenos
Elyvilon
Fedhas
Gozag
Hepliaklqana
Kikubaaqudgha
Makhleb
Nemelex Xobeh
Okawaru
Qazlal
Ru
Sif Muna
Trog
Uskayaw
Vehumet
Wu Jian
Xom
Yredelemnul
Zin
The Shining One
Jiyva
Lugonu

Shops:
D (


Innate Abilities, Weirdness & Mutations

You are immune to sickness and miasma.
Your stone body is resilient. (AC +4)
You are immune to poison.
You resist negative energy. (rN+)
You are resistant to electric shocks. (rElec)
You are resistant to unholy torment.
You are immune to petrification.


Message History

The kobold demonologist shouts!
The kobold demonologist casts a spell.
The quasit bites you but does no damage.
The quasit claws you but does no damage.
The quasit barely misses you.
There is an open door here.
Unknown command.
You closely miss the quasit.
Unknown command.
You hit the quasit.
The quasit convulses!
The quasit is almost dead.
The quasit bites you.
You feel clumsy. The quasit claws you.
You feel clumsy.
The quasit claws you but does no damage.
The sun demon closely misses you.
You miss the quasit.
The quasit is almost dead.
Unknown command.
You closely miss the quasit.
The quasit is almost dead.
The quasit closely misses you.
The quasit claws you but does no damage.
The quasit closely misses you.
Unknown command.
You miss the quasit.
The quasit is severely wounded.
The sun demon hits you!!
You are engulfed in flames!!
Unknown command.
You bludgeon the quasit!!
You kill the quasit!
The quasit disappears in a puff of smoke!
You impale the floating eye!!
You kill the floating eye!
Trog accepts your kill. The sun demon hits you!!
* * * LOW HITPOINT WARNING * * *
You are engulfed in flames!
You die...

#####################
.'..#..'..#__#..@3..#
.#..').#..'..'..#KK.#
###+#####'#__####...+
# #...#)#### ####
_####..##(#
____##'#_.+
.∩...'..._#
..__##_.#'#
____###+#[#


You could see a sun demon (summoned) and 2 kobold demonologists.

Vanquished Creatures
  A slime creature (D)
  Sigmund (D)
  A yak (D)
  A floating eye (D)
  An ogre (D)
  A jelly (D)
  Ijyb (D)
7 creatures vanquished.

Notes
Turn   | Place    | Note
-------+----------+-------------------------------------------
     0 | D        | manyhoops the Gargoyle Berserker began the quest for the
                  | Orb.
     0 | D        | Reached XP level 1. HP: 14/14 MP: 1/1
     1 | D        | Noticed Ijyb
     9 | D        | Killed Ijyb
    10 | D        | Reached skill level 6 in Maces & Flails
    10 | D        | Reached XP level 2. HP: 19/19 MP: 2/2
    10 | D        | Reached XP level 3. HP: 23/23 MP: 3/3
    34 | D        | Noticed an ogre
    47 | D        | Killed an ogre
    48 | D        | Reached skill level 9 in Maces & Flails
    48 | D        | Reached XP level 4. HP: 28/28 MP: 4/4
   104 | D        | Noticed Sigmund
   112 | D        | Killed Sigmund
   112 | D        | Reached ** piety under Trog
   113 | D        | Reached skill level 12 in Maces & Flails
   113 | D        | Reached XP level 5. HP: 32/32 MP: 5/5
   113 | D        | Reached XP level 6. HP: 37/37 MP: 6/6
   151 | D        | Found an ornate altar of the Wu Jian Council.
   151 | D        | Found a shimmering blue altar of Sif Muna.
   153 | D        | Found a radiant altar of Vehumet.
   172 | D        | Found Irchox's Antique Weapon Emporium.
   172 | D        | Found an ancient bone altar of Kikubaaqudgha.
   172 | D        | Found a hazy altar of Hepliaklqana.
   172 | D        | Found a stormy altar of Qazlal.
   172 | D        | Found a hide-covered altar of Uskayaw.
   172 | D        | Found a blossoming altar of Fedhas.
   172 | D        | Found a bloodstained altar of Trog.
   172 | D        | Found an iron altar of Okawaru.
   172 | D        | Found a basalt altar of Yredelemnul.
   172 | D        | Found a glowing golden altar of the Shining One.
   172 | D        | Found a snail-covered altar of Cheibriados.
   172 | D        | Found a sacrificial altar of Ru.
   172 | D        | Found a glowing silver altar of Zin.
   172 | D        | Found a shadowy altar of Dithmenos.
   172 | D        | Found a white marble altar of Elyvilon.
   172 | D        | Noticed a yak
   182 | D        | Killed a yak
   183 | D        | Reached skill level 14 in Maces & Flails
   183 | D        | Reached XP level 7. HP: 33/41 MP: 7/7
   184 | D        | Found an opulent altar of Gozag.
   206 | D        | Found a sparkling altar of Nemelex Xobeh.
   210 | D        | Bought a glowing dire flail for 154 gold pieces
   234 | D        | Found a burning altar of Makhleb.
   234 | D        | Found a viscous altar of Jiyva.
   234 | D        | Found a shimmering altar of Xom.
   234 | D        | Found a corrupted altar of Lugonu.
   234 | D        | Noticed a slime creature
   239 | D        | Killed a slime creature
   239 | D        | Reached *** piety under Trog
   352 | D        | Noticed a kobold demonologist
   354 | D        | Noticed a kobold demonologist
   355 | D        | Noticed a sun demon
   361 | D        | Mangled by a sun demon

Illustrated notes

Levels and vault maps discovered:
D:        dungeon_sprint_1 [red_sonja_temple_1, red_sonja_temple_small_1]

Skill      XL: |  1  2  3  4  5  6  7 |
---------------+----------------------+-----
Maces & Flails | 6 9 12 14 | 14.1
Fighting       | 6 |  6.4
Armour         | 4 |  4.5
Dodging        | |  1.5

Action                   |  1- 3 |  4- 6 |  7- 9 || total
-------------------------+-------+-------+-------++-------
Melee: Mace              |    10 |    18 |       ||    28
       Dire flail        |       |       |    11 ||    11
Invok: Berserk           |     2 |     2 |     2 ||     6
Armor: Animal skin       |     2 |       |       ||     2
       Chain mail        |       |     4 |     4 ||     8
Dodge: Dodged            |     2 |     2 |     5 ||     9
